 Dungeon Crawl Stone Soup version 0.25.0-9-g26727b657a (webtiles) character file.

Game seed: 5837558376798329480

7 mopl the Caller (level 1, -1/9 HPs)
             Began as a Spriggan Summoner on June 16, 2020.
             Slain by a goblin
             ... wielding a cursed +0 spear
              (2 damage)
             ... on level 1 of the Dungeon.
             The game lasted 00:00:42 (164 turns).

mopl the Caller (Spriggan Summoner)                  Turns: 164, Time: 00:00:42

Health: -1/9       AC:  2    Str:  4    XL:     1   Next: 91%
Magic:  4/5        EV: 18    Int: 16    God:
Gold:   0          SH:  0    Dex: 16    Spells: 5/6 levels left

rFire    . . .     SeeInvis +   (weapon restricted)
rCold    . . .     Gourm    .   (shield restricted)
rNeg     . . .     Faith    +   a - +0 robe
rPois    .         Spirit   .   (helmet restricted)
rElec    .         Reflect  .   (no cloak)
rCorr    .         Harm     .   (gloves unavailable)
MR       .....                  (boots unavailable)
Stlth    ++........             d - amulet of faith
HPRegen  0.03/turn              (no ring)
MPRegen  0.09/turn              (no ring)

@: very quick
A: very small, unfitting armour, see invisible, herbivore, speed 3, slow
metabolism 2
a: no special abilities


You were on level 1 of the Dungeon.
You were not hungry.

You visited 1 branch of the dungeon, and saw 1 of its levels.

Inventory:

Armour
 a - a +0 robe (worn)
Jewellery
 d - an amulet of faith (around neck)
Scrolls
 b - a scroll of identify {unknown}
 e - a scroll of fear {unknown}
 f - a scroll of teleportation {unknown}
Comestibles
 c - 2 rations


   Skills:
 - Level 3.0 Dodging
 - Level 3.0 Stealth
 + Level 3.1 Spellcasting
 + Level 3.4 Summonings


You had 5 spell levels left.
You knew the following spells:

 Your Spells              Type           Power        Failure   Level  Hunger
a - Summon Small Mammal   Summ           ##..         4%          1    None

Your spell library contained the following spells:

 Spells                   Type           Power        Failure   Level  Hunger
 Call Imp                 Summ           ##......     7%          2    ##.....
 Call Canine Familiar     Summ           ##......     13%         3    ###....
 Summon Guardian Golem    Hex/Summ       #.......     26%         3    ###....
 Summon Ice Beast         Ice/Summ       #.......     65%         4    ####...
 Summon Lightning Spire   Summ/Air       #.......     65%         4    ####...


Dungeon Overview and Level Annotations

Branches:
Dungeon (1/15)

Altars:


Innate Abilities, Weirdness & Mutations

You are very small and have problems with some larger weapons.
You are too small for most types of armour.
You have supernaturally acute eyesight. (SInv)
You are a herbivore.
You cover ground extremely quickly.
You need to consume almost no food.


Message History

Found a leather armour.
Found a club.
A goblin comes into view. It is wielding a +0 spear.
The goblin shouts!
You hear a shout!
Found a scroll labeled JOL PYITESU.
A kobold comes into view.
The goblin barely misses you.
You closely miss the goblin. The goblin completely misses you.
You barely miss the goblin. The goblin barely misses you.
Casting: Summon Small Mammal (safe; 4% risk of failure)
Confirm with . or Enter, or press ? or * to list all spells.
Your quokka disappears in a puff of smoke!
The goblin hits you with a cursed +0 spear.
Ouch! That really hurt!
* * * LOW HITPOINT WARNING * * *
You are too injured to fight recklessly!
You are too injured to fight recklessly!
Unknown command.
The goblin hits you from afar with a cursed +0 spear.
You die...

###.... ##.#...# #
.....##...†..# ##
.........##.## .##
........###.### #####
..+
#......##.....##.....
.##
#....>##.............
##
#....................
#
####.......§......)..
#.##.....@........ #.
#.[............
.......?.g.K....
.#.......r......
##...?.........
##.....##.....
...##..# ##### ....
.... ... ....


You could see a goblin, a kobold and a friendly quokka (summoned).

Vanquished Creatures
  A giant cockroach (D:1)
1 creature vanquished.

Vanquished Creatures (collateral kills)
  An ooze (D:1)
  2 hobgoblins (D:1)
  A bat (D:1)
  A frilled lizard (D:1)
  2 rats (D:1)
7 creatures vanquished.

Grand Total: 8 creatures vanquished

Notes
Turn   | Place    | Note
-------+----------+-------------------------------------------
     0 | D:1      | mopl the Spriggan Summoner began the quest for the Orb.
     0 | D:1      | Reached XP level 1. HP: 9/9 MP: 5/5
   164 | D:1      | Slain by a goblin

Illustrated notes

Levels and vault maps discovered:
D:1:      dpeg_arrival_rhombi, layout_rooms

Skill      XL: |  1 |
---------------+----+-----
Spellcasting   | 3 |  3.1
Dodging        | |  3.0
Stealth        | |  3.0
Summonings     | |  3.4

Action                   || total
-------------------------++-------
Melee: Unarmed           ||    28
 Cast: Summon Small Mamm ||     5
 Stab: Sleeping          ||     2
Dodge: Dodged            ||    27
